 Dungeon Crawl Stone Soup version 0.28-a0-1518-gbe868bca14 (webtiles) character file.

Game seed: 7198975502598998559

10429 lunkers the Slicer (level 11, -3/93 HPs)
             Began as a Vine Stalker Brigand on Jan 16, 2022.
             Was an Initiate of Gozag.
             Slain by a red ugly thing (17 damage)
             ... on level 11 of the Dungeon.
             The game lasted 00:13:55 (9396 turns).

lunkers the Slicer (Vine Stalker Brigand)           Turns: 9396, Time: 00:13:56

Health: -3/93      AC:  6    Str: 15    XL:     11   Next: 62%
Magic:  0/12       EV: 10    Int: 11    God:    Gozag
Gold:   1030       SH: 11    Dex: 19    Spells: 10/10 levels left

rFire   . . .      SeeInvis .   i - +2 dagger (venom)
rCold   + . .      Faith    .   o - +0 kite shield
rNeg    + . .      Spirit   +   w - +0 leather armour of Charity {rN+ Regen+ rCorr}
rPois   +          Reflect  .   (no helmet)
rElec   .          Harm     .   c - +0 cloak
rCorr   +          Rampage  .   (no gloves)
Will    +....                   m - +1 pair of boots
Stlth   ..........              B - amulet of regeneration
HPRegen 2.65/turn               s - ring of protection from cold
MPRegen 0.13/turn               l - ring of poison resistance

@: berserking, very quick
A: fangs 3, regeneration 1, magic shield, antimagic bite, no potion heal 2
a: Renounce Religion, Potion Petition, Call Merchant, Bribe Branch


You were on level 11 of the Dungeon.
You worshipped Gozag.
Gozag was most pleased with you.
You visited 2 branches of the dungeon, and saw 12 of its levels.

You collected 1960 gold pieces.
You spent 870 gold pieces at shops.
You paid 60 gold pieces to Gozag.

Inventory:

Hand Weapons
 a - a +2 dagger
 i - a +2 dagger of venom (weapon)
 J - the +7 morningstar "Zymoapru" {pain, Int+7}
   (You bought it in a shop on level 9 of the Dungeon)

   In the hands of one skilled in necromantic magic, it inflicts extra damage on
   living creatures.
   Int:       It affects your intelligence (+7).
Missiles
 d - 27 poisoned darts
 e - 2 curare-tipped darts
Armour
 c - a +0 cloak (worn)
 m - a +1 pair of boots (worn)
 o - a +0 kite shield (worn)
 v - a +0 ring mail
 w - the +0 leather armour of Charity (worn) {rN+ Regen+ rCorr}
   (You found it on level 4 of the Dungeon)

   rN:        It protects you from negative energy.
   Regen:     It increases your rate of health regeneration.
   rCorr:     It protects you from acid and corrosion.
Jewellery
 h - a ring of wizardry
 l - a ring of poison resistance (right hand)
 s - a ring of protection from cold (left hand)
 B - an amulet of regeneration (around neck)
 C - a ring of resist corrosion
 D - a ring of fire
Wands
 z - a wand of polymorph (8)
 A - a wand of charming (3)
 H - a wand of flame (12)
 K - a wand of iceblast (7)
 L - a wand of digging (17)
Scrolls
 b - 2 scrolls of blinking
 g - 2 scrolls of fear
 j - a scroll of magic mapping
 y - 5 scrolls of amnesia
 F - 2 scrolls of teleportation
 G - 2 scrolls of identify
 M - 4 scrolls of fog
 N - a scroll of brand weapon
Potions
 f - 3 potions of brilliance
 k - a potion of haste
 n - 3 potions of lignification
 p - a potion of magic
 q - 4 potions of might
 r - 3 potions of mutation
 u - a potion of cancellation
 x - 2 potions of curing
 I - a potion of attraction
Miscellaneous
 E - a tin of tremorstones (2/2)


   Skills:
 + Level 9.5 Fighting
 - Level 10.0 Short Blades
 - Level 1.7 Throwing
 - Level 0.7 Dodging
 - Level 4.8 Stealth
 + Level 8.0 Shields
 + Level 5.1 Evocations


You had 10 spell levels left.
You didn't know any spells.
Your spell library contained the following spells:

 Spells                   Type           Power      Damage    Failure   Level
 Freeze                   Ice            0%         1d3       73%         1
 Sandblast                Erth           0%         2d4       73%         1
 Sting                    Tmut/Pois      0%         1d3       73%         1
 Passwall                 Tmut/Erth      0%         N/A       86%         2
 Poisonous Vapours        Pois/Air       0%         N/A       86%         2
 Frozen Ramparts          Ice            0%         1d2       97%         3
 Gell's Gravitas          Tloc           0%         N/A       97%         3
 Stone Arrow              Conj/Erth      0%         3d7       97%         3
 Teleport Other           Tloc           0%         N/A       97%         3
 Animate Armour           Summ/Erth      0%         N/A       100%        4
 Hailstorm                Conj/Ice       0%         3d3       100%        4
 Olgreb's Toxic Radiance  Pois           0%         N/A       100%        4
 Blade Hands              Tmut           0%         N/A       100%        5
 Dispersal                Tloc           0%         N/A       100%        6
 Iron Shot                Conj/Erth      0%         9d1       100%        6


Dungeon Overview and Level Annotations

Branches:
Dungeon (11/15)            Temple (1/1) D:4            Lair (0/6) D:10
    Orc (0/2) D:9

Altars:
Ashenzari
Cheibriados
Dithmenos
Elyvilon
Fedhas
Gozag
Hepliaklqana
Kikubaaqudgha
Makhleb
Nemelex Xobeh
Okawaru
Qazlal
Ru
Sif Muna
Trog
Uskayaw
Vehumet
Wu Jian
Xom
Yredelemnul
Zin
The Shining One
Beogh

Shops:
D:9 (*[   D:11 =


Innate Abilities, Weirdness & Mutations

You have razor-sharp teeth.
Your natural rate of healing is unusually fast.
When hurt, damage is shared between your health and your magic reserves.
Your bite disrupts and absorbs the magic of your enemies.
Potions cannot restore your health.


Message History

The red ugly thing gurgles horribly!
The red ugly thing headbutts you!
You are engulfed in flames!!
* * * LOW HITPOINT WARNING * * *
You see here 15 sling bullets.
You closely miss the red ugly thing. Your bite misses the red ugly thing.
Unknown command.
You completely miss the red ugly thing. The red ugly thing headbutts you!
* * * LOW HITPOINT WARNING * * *
You are engulfed in flames!!
* * * LOW MAGIC WARNING * * *
* * * LOW HITPOINT WARNING * * *
Unknown command.
Okay, then.
Press: ? - help, v - describe, . - travel
Here: a red ugly thing The floor.
A red film seems to cover your vision as you go berserk!
You feel yourself moving faster!
You feel mighty! You block the red ugly thing's attack.
You hit the red ugly thing.
The red ugly thing is poisoned.
You bite the red ugly thing! You drain its power.
You feel invigorated.
The red ugly thing is moderately wounded.
Unknown command.
You hit the red ugly thing. Your bite misses the red ugly thing.
The red ugly thing is moderately wounded.
The red ugly thing headbutts you!
* * * LOW HITPOINT WARNING * * *
You are engulfed in flames!
* * * LOW HITPOINT WARNING * * *
You barely miss the red ugly thing.
The red ugly thing is moderately wounded.
Unknown command.
You hit the red ugly thing. Your bite misses the red ugly thing.
The red ugly thing is moderately wounded.
The red ugly thing headbutts you!
* * * LOW HITPOINT WARNING * * *
You are engulfed in flames!!
* * * LOW MAGIC WARNING * * *
You die...
Your body crumbles into a pile of gold.

#.# ######'## ###### #.# #.# #.#
#.# ## #.# #.# ##. #.# #.# #..
##'###### #.# ####.# ........#
#.# #.....
........+..########.########.....
........##....(u@................
........######.####.########.....
........# #.# #.# #.....
######### #..# #.# #..... .....#
### ##.##### ###### ####.## #..
.... # #..# #.####.#### #
#####'####.#.......# #####
.........#.#.##.##.# #....


You could see a red ugly thing (very poisoned).

Vanquished Creatures
  A two-headed ogre (D:9)
  An unseen horror (D:10)
  3 komodo dragons
  2 hornets (D:9)
  3 trolls (D:10)
  3 wyverns
  A vampire (D:9)
  10 yaks
  2 basilisks (D:10)
  2 steam dragons
  3 vampire mosquitoes (D:11)
  Menkaure (D:7)
  Edmund (D:5)
  3 acid dragons
  5 orc warriors
  2 ice beasts
  A sky beast (D:7)
  3 necrophages
  4 ogres
  4 centaurs
  2 kobold brigands (D:8)
  2 gnoll sergeants
  3 bullfrogs
  A scorpion (D:5)
  2 water moccasin skeletons (D:6)
  4 wights
  2 killer bees (D:9)
  2 bullfrog zombies
  4 orc priests
  3 centaur skeletons
  2 hounds (D:4)
  3 centaur zombies
  2 gnoll shamans
  4 jellies
  2 iguanas
  2 bullfrog skeletons
  5 orc wizards
  2 howler monkey zombies (D:9)
  8 adders
  12 gnolls
  2 white imps (D:7)
  An ufetubus (D:6)
  2 adder skeletons (D:4)
  A worm (D:9)
  6 dart slugs
  29 orcs
  5 ball pythons
  6 bats
  6 endoplasms
  2 giant cockroaches
  7 goblins
  7 hobgoblins
  2 quokkas
  5 frilled lizards
  17 kobolds
  7 rats
227 creatures vanquished.

Vanquished Creatures (collateral kills)
  An orc priest (D:7)
1 creature vanquished.

Vanquished Creatures (others)
  2 plants (D:1)
2 creatures vanquished.

Grand Total: 230 creatures vanquished

Notes
Turn   | Place    | Note
-------+----------+-------------------------------------------
     0 | D:1      | lunkers the Vine Stalker Brigand began the quest for the
                  | Orb.
     0 | D:1      | Reached XP level 1. HP: 11/11 MP: 2/2
    47 | D:1      | Reached skill level 2 in Short Blades
   142 | D:1      | Found a faded altar of an unknown god.
   146 | D:1      | Reached XP level 2. HP: 14/15 MP: 3/3
   433 | D:1      | Reached skill level 3 in Short Blades
   505 | D:1      | Reached XP level 3. HP: 17/18 MP: 4/4
   910 | D:1      | Gained mutation: Your natural rate of healing is unusually
                  | fast. [Vine Stalker growth]
   910 | D:1      | Reached XP level 4. HP: 5/23 MP: 3/5
   937 | D:2      | Reached skill level 4 in Short Blades
  1553 | D:3      | Reached XP level 5. HP: 22/26 MP: 6/6
  1656 | D:3      | Found a white marble altar of Elyvilon.
  1674 | D:3      | Reached skill level 5 in Short Blades
  1852 | D:4      | Noticed an ogre
  1860 | D:4      | Killed an ogre
  1861 | D:4      | Reached XP level 6. HP: 30/30 MP: 7/7
  1870 | D:4      | Reached skill level 6 in Short Blades
  2140 | D:4      | Identified the +0 leather armour of Charity {rN+ Regen+
                  | rCorr}
  2237 | D:4      | Reached XP level 7. HP: 24/34 MP: 2/8
  2380 | D:4      | Reached skill level 7 in Short Blades
  2461 | D:4      | Found a staircase to the Ecumenical Temple.
  2978 | Temple   | Entered the Ecumenical Temple
  3225 | Temple   | Became a worshipper of Gozag Ym Sagoz the Greedy
  3342 | D:5      | Entered Level 5 of the Dungeon
  3408 | D:5      | Found a broken altar of Ashenzari.
  3455 | D:5      | Reached skill level 8 in Short Blades
  3455 | D:5      | Gained mutation: You have razor-sharp teeth. [Vine Stalker
                  | growth]
  3455 | D:5      | Reached XP level 8. HP: 36/39 MP: 5/9
  3511 | D:5      | Found a shimmering altar of Xom.
  3724 | D:5      | Reached skill level 5 in Fighting
  4104 | D:5      | Noticed Edmund
  4137 | D:5      | Killed Edmund
  4138 | D:5      | Reached skill level 1 in Shields
  4763 | D:6      | Found an ornate altar of the Wu Jian Council.
  4851 | D:6      | Reached XP level 9. HP: 48/48 MP: 10/10
  4893 | D:6      | Found a shimmering blue altar of Sif Muna.
  4894 | D:6      | Found a hazy altar of Hepliaklqana.
  4926 | D:6      | Found a sacrificial altar of Ru.
  4926 | D:6      | Found an iron altar of Okawaru.
  4928 | D:6      | Found a bloodstained altar of Trog.
  4929 | D:6      | Found a stormy altar of Qazlal.
  5213 | D:7      | Found a radiant altar of Vehumet.
  5246 | D:7      | Noticed Menkaure
  5253 | D:7      | Killed Menkaure
  5864 | D:7      | Reached skill level 5 in Shields
  6770 | D:9      | Found Qaehuavo's General Store.
  6778 | D:9      | Bought a tin of tremorstones (2/2) for 600 gold pieces
  6781 | D:9      | Noticed a two-headed ogre
  6807 | D:9      | Killed a two-headed ogre
  6808 | D:9      | Reached XP level 10. HP: 42/56 MP: 11/11
  6857 | D:9      | Found Tusott's Armour Emporium.
  6891 | D:9      | Found Hiykhlaes's Antique Weapon Shop.
  6897 | D:9      | Bought an ancient morningstar for 270 gold pieces
  6897 | D:9      | Identified the +7 morningstar "Zymoapru" {pain, Int+7} (You
                  | bought it in a shop on level 9 of the Dungeon)
  6963 | D:9      | Found a snail-covered altar of Cheibriados.
  7024 | D:9      | Reached skill level 9 in Short Blades
  7236 | D:9      | Found a staircase to the Orcish Mines.
  7298 | D:9      | Reached skill level 1 in Evocations
  7918 | D:10     | Entered Level 10 of the Dungeon
  7948 | D:10     | Killed an unseen horror
  8309 | D:10     | Reached skill level 10 in Short Blades
  8335 | D:10     | Reached XP level 11. HP: 60/60 MP: 12/12
  8694 | D:10     | Found a staircase to the Lair.
  8901 | D:10     | Found a glowing silver altar of Zin.
  9115 | D:11     | Found Gofiur Qeru's Jewellery Shop.
  9255 | D:11     | Reached skill level 5 in Evocations
  9268 | D:11     | Found a sacrificial altar of Ru.
  9382 | D:11     | Noticed a red ugly thing
  9396 | D:11     | Slain by a red ugly thing

Illustrated notes

Levels and vault maps discovered:
D:1:      minmay_arrival_semitransparent, layout_loops_ring,
          shapermc_ecumenical_altar_mp_ritualfount
D:2:      layout_rooms
D:3:      layout_basic, elyvilon_altar_5
D:4:      wad_river_or_something, layout_loops_ring, temple_doors_e,
          grunt_decor_mini_mirrors, chequers_mini_garden,
          chequers_hall_statues_wall_a, nrook_mini_backslash
D:5:      layout_layer_cave, mainiacjoe_overflow_24_doors,
          evilmike_ruin_ashenzari, uniq_edmund
D:6:      layout_basic, kennysheep_mini_moat, minitemple
D:7:      layout_loops_ring, mainiacjoe_overflow_surrounded_room, uniq_menkaure
D:8:      layout_basic
D:9:      cheibrodos_barr_body, layout_basic, slow_altar_1,
          minmay_orc_entry_temple_small, serial_shops, nicolae_shop_stone,
          nicolae_shop_temple_entry_statues_fountains, nicolae_shop_trees,
          minmay_misc_feat_five, kennysheep_big_empty_room,
          amcnicky_mini_pool_small
D:10:     layout_loops_ring, marbit_many_paths, erik_lair_dragon
D:11:     layout_roguey, serial_shops, shop_coins,
          nicolae_ru_sacrificial_ziggurat
Temple:   jpeg_temple_island

Skill      XL: |  1  2  3  4  5  6  7  8  9 10 11 |
---------------+----------------------------------+-----
Short Blades   | 2 3 4 5 6 8 10 | 10.0
Fighting       | 2 6 7 8 9 |  9.5
Shields        | 2 5 6 8 |  8.0
Evocations     | 3 5 |  5.1
Throwing       | |  1.7
Dodging        | |  0.7
Stealth        | |  4.8

Action                   |  1- 3 |  4- 6 |  7- 9 | 10-12 || total
-------------------------+-------+-------+-------+-------++-------
Melee: Dagger            |    56 |   165 |   427 |   440 ||  1088
       Bite              |    14 |    52 |   143 |   199 ||   408
       Punch             |     1 |     1 |     8 |       ||    10
  Use: Scroll            |     1 |     8 |    12 |     5 ||    26
       Potion            |       |       |       |     1 ||     1
 Stab: Sleeping          |     4 |     7 |    11 |     6 ||    28
       Distracted        |       |       |       |     1 ||     1
Armor: Robe              |     9 |    15 |       |       ||    24
       Ring mail         |       |    21 |       |       ||    21
       Leather armour    |       |    11 |    80 |    62 ||   153
Dodge: Dodged            |    26 |    76 |   113 |   118 ||   333
Block: Kite shield       |       |       |    83 |   167 ||   250

Table legend: (Time is in decaauts)
 A = Elapsed time spent in this place.
 B = Non-inter-level travel time spent in this place.
 C = Inter-level travel time spent in this place.
 D = Time resting spent in this place.
 E = Time spent auto-exploring this place.
 F = Levels seen in this place.
 G = Mean time per level.
                   A        B        C        D        E       F      G
               +--------+--------+--------+--------+--------+-----+--------+
         Total |   9108 |   8798 |    310 |    183 |   6637 |  12 |  759.0 |
       Dungeon |   8792 |   8533 |    259 |    183 |   6378 |  11 |  799.3 |
        Temple |    315 |    265 |     50 |      0 |    259 |   1 |  315.0 |
               +--------+--------+--------+--------+--------+-----+--------+

Top non-repeatable levels by time:
     D:4: 1194 daAuts
     D:5: 1189 daAuts
     D:9: 1150 daAuts
    D:10: 990 daAuts
     D:1: 785 daAuts
     D:8: 768 daAuts
     D:7: 750 daAuts
     D:2: 652 daAuts
     D:6: 567 daAuts
    D:11: 390 daAuts
     D:3: 353 daAuts
  Temple: 315 daAuts
